 Dungeon Crawl Stone Soup version 0.29.1-1-gd02db6906a (webtiles) character file.

Game seed: 12329609147635699104

9 Kahsius the Ruffian (level 2, 23/23 HPs)
             Began as a Draconian Transmuter on Oct 5, 2022.
             Quit the game on level 1 of the Dungeon on Oct 7, 2022.
             The game lasted 00:00:59 (509 turns).

Kahsius the Ruffian (Draconian Transmuter)           Turns: 509, Time: 00:01:00

Health: 23/23      AC:  4    Str: 12    XL:     2   Next: 6%
Magic:  5/5        EV: 12    Int: 13    God:
Gold:   57         SH:  0    Dex: 11    Spells: 4/5 levels left

rFire   . . .      SeeInvis .     - Unarmed
rCold   . . .      Faith    .   (no shield)
rNeg    . . .      Spirit   .   (body armour unavailable)
rPois   .          Reflect  .   (helmet restricted)
rElec   .          Harm     .   (no cloak)
rCorr   .          Rampage  .   (no gloves)
Will    .....                   (no boots)
Stlth   +.........              (no amulet)
HPRegen 0.07/turn               (no ring)
MPRegen 0.09/turn               (no ring)

@: no status effects
A: AC +4, unfitting armour, cold-blooded
a: no special abilities


You were on level 1 of the Dungeon.
You visited 1 branch of the dungeon, and saw 1 of its levels.

You collected 57 gold pieces.

Inventory:

Scrolls
 b - a scroll of teleportation {unknown}
 c - a scroll of identify {unknown}
Potions
 a - a potion of lignification


   Skills:
 + Level 1.5 Fighting
 - Level 1.7 Dodging
 + Level 3.1 Unarmed Combat
 + Level 2.1 Spellcasting
 + Level 2.2 Transmutations


You had 4 spell levels left.
You knew the following spells:

 Your Spells              Type           Power      Damage    Failure   Level
a - Beastly Appendage     Tmut           14%        N/A       10%         1

Your spell library contained the following spells:

 Spells                   Type           Power      Damage    Failure   Level
 Wereblood                Tmut           7%         N/A       16%         2
 Spider Form              Tmut/Pois      4%         N/A       43%         3
 Ice Form                 Ice/Tmut       4%         N/A       85%         4


Dungeon Overview and Level Annotations

Branches:
Dungeon (1/15)

Altars:


Innate Abilities, Weirdness & Mutations

Your plain brown scales are hard. (AC +4)
You cannot fit into any form of body armour.
You are cold-blooded and may be slowed by cold attacks.


Message History

The jackal bites you but does no damage.
You closely miss the jackal. You headbutt the jackal.
The jackal is lightly wounded.
The jackal closely misses you. The jackal misses you.
You barely miss the jackal.
You headbutt the jackal, but do no damage.
You tail-slap the jackal.
The jackal is almost dead.
The jackal misses you.
The jackal bites you but does no damage. x2
You hit the jackal.
You kill the jackal!
The jackal bites you. The jackal barely misses you.
You have reached level 2!
You closely miss the jackal. Your kick misses the jackal.
The jackal bites you but does no damage.
You barely miss the jackal. Your kick misses the jackal.
You headbutt the jackal, but do no damage.
Your tail-slap misses the jackal.
The jackal misses you.
You hit the jackal.
The jackal is severely wounded.
The jackal bites you.
The jackal bites you but does no damage.
You hit the jackal but do no damage.
The jackal is severely wounded.
The jackal barely misses you.
You hit the jackal.
You kill the jackal!
Your horns disappear.
Your talons disappear.
You see here a jackal corpse.
You start resting.
HP restored.
Save game and exit?
Welcome back, Kahsius the Draconian Transmuter.
Press ? for a list of commands and other information.
Save game and exit?
Welcome back, Kahsius the Draconian Transmuter.
Press ? for a list of commands and other information.
Okay, then.
Are you sure you want to abandon this character and quit the game? (Confirm with "yes".)

##.### ♣ ##.###P
##### ##..###
##...###.#.###
#.....#.##..##
#......###...#
#.....#.##....
######...###.#.###
#@...[..## ##.## #
#÷####### ### #
#.# # ... # ##.#.
# #.#.# # #.# # #
#.. # ##. #


There were no monsters in sight!

Vanquished Creatures
  An endoplasm (D:1)
  A giant cockroach (D:1)
  A hobgoblin (D:1)
  4 jackals (D:1)
7 creatures vanquished.

Notes
Turn   | Place    | Note
-------+----------+-------------------------------------------
     0 | D:1      | Kahsius the Draconian Transmuter began the quest for the
                  | Orb.
     0 | D:1      | Reached XP level 1. HP: 16/16 MP: 3/3
   300 | D:1      | Reached XP level 2. HP: 11/23 MP: 5/5
   509 | D:1      | Quit the game

Illustrated notes

Levels and vault maps discovered:
D:1:      denvon_arrival_planthouse, layout_loops_ring

Action                   || total
-------------------------++-------
Melee: Unarmed           ||    23
       Kick              ||     5
       Headbutt          ||     4
       Tailslap          ||     2
       Punch             ||     1
 Cast: Beastly Appendage ||     4
Armor: Skin              ||    10
Dodge: Dodged            ||    13
